 Dungeon Crawl Stone Soup version 0.28.0-45-g0d030f2227 (webtiles) character file.

Game seed: 7454986971672052722

65 issech the Cudgeller (level 3, -2/36 HPs)
             Began as a Troll Monk on Apr 7, 2022.
             Slain by Terence
             ... wielding a +0 mace
              (4 damage)
             ... on level 2 of the Dungeon.
             The game lasted 00:01:58 (611 turns).

issech the Cudgeller (Troll Monk)                    Turns: 611, Time: 00:01:59

Health: -2/36      AC:  4    Str: 19    XL:     3   Next: 94%
Magic:  2/2        EV: 10    Int:  6    God:
Gold:   18         SH:  0    Dex: 14    Spells: 2/2 levels left

rFire   . . .      SeeInvis .   a - +0 mace
rCold   . . .      Faith    .   (no shield)
rNeg    . . .      Spirit   .   b - +0 robe
rPois   .          Reflect  .   (helmet restricted)
rElec   .          Harm     .   (no cloak)
rCorr   .          Rampage  .   (gloves unavailable)
Will    +....                   (boots unavailable)
Stlth   ++........              (no amulet)
HPRegen 0.92/turn               e - ring of willpower
MPRegen 0.08/turn               (no ring)

@: no status effects
A: large, unfitting armour, claws 3, regeneration 1, shaggy fur 1, tough skin 1
a: no special abilities


You were on level 2 of the Dungeon.
You visited 1 branch of the dungeon, and saw 2 of its levels.

You collected 18 gold pieces.

Inventory:

Hand Weapons
 a - a +0 mace (weapon)
Missiles
 c - 41 stones (quivered)
 i - 17 arrows
Armour
 b - a +0 robe (worn)
Jewellery
 e - a ring of willpower (left claw)
Scrolls
 d - a scroll of immolation {unknown}
 g - a scroll of identify {unknown}
 h - a scroll of torment {unknown}
Potions
 f - a potion of berserk rage {unknown}


   Skills:
 + Level 2.9 Fighting
 + Level 3.5 Maces & Flails
 + Level 2.8 Dodging
 + Level 1.2 Stealth


You had 2 spell levels left.
You didn't know any spells.
Your spell library was empty.

Dungeon Overview and Level Annotations

Branches:
Dungeon (2/15)

Altars:

Annotations:
D:2 Terence


Innate Abilities, Weirdness & Mutations

You are too large for most types of armour.
You have claws for hands.
Your natural rate of healing is unusually fast.
You are covered in fur. (AC +1)
You have tough skin. (AC +1)


Message History

Terence the Incautious comes into view.
He is wielding a +0 mace, wearing a +1 chain mail of fire resistance and carrying a wand of flame (20).
You see here 17 arrows.
i - 17 arrows Terence says, "Rest in peace."
You throw a stone. The stone closely misses Terence.
Terence zaps a wand.
The puff of flame hits you!
You throw a stone.
The stone hits Terence but does no damage.
You throw a stone.
The stone hits Terence but does no damage.
You throw a stone.
The stone hits Terence but does no damage.
Terence zaps a wand.
The puff of flame hits you!
You throw a stone. The stone barely misses Terence.
You throw a stone.
The stone hits Terence but does no damage.
Terence says, "You're history."
Terence hits you with a +0 mace.
You hit Terence.
Terence is lightly wounded.
Terence zaps a wand.
The puff of flame misses you.
You hit Terence but do no damage.
Terence is lightly wounded.
Terence zaps a wand.
The puff of flame hits you!
You hit Terence but do no damage.
Terence is lightly wounded.
Terence hits you with a +0 mace.
* * * LOW HITPOINT WARNING * * *
You hit Terence.
Terence is moderately wounded.
Terence zaps a wand.
The puff of flame misses you.
You hit Terence.
Terence is severely wounded.
Terence hits you but does no damage.
Terence zaps a wand.
The puff of flame hits you!
* * * LOW HITPOINT WARNING * * *
You closely miss Terence.
Terence is severely wounded.
Terence hits you with a +0 mace.
You die...

...#....# #.# .......
##.##...# #.###.......
#.##...#####...#.......
#.###..................
#.# ##.#...............
#.# #........$.......(
...####)###.........(..
........)..........(...
..........#.###@@.(...(
.....####.....##....$##
..... #..$#.# #...#..
.... ...###.# .#)# .
... ..### . .#... ###
### .. # .#. .. #


You could see Terence.

Vanquished Creatures
  Jessica (D:2)
  An adder (D:2)
  A dart slug (D:1)
  A ball python (D:1)
  5 endoplasms (D:1)
  3 giant cockroaches
  5 hobgoblins
  A quokka (D:1)
  3 bats (D:1)
  2 frilled lizards (D:1)
  2 goblins
  A rat (D:1)
26 creatures vanquished.

Notes
Turn   | Place    | Note
-------+----------+-------------------------------------------
     0 | D:1      | issech the Troll Monk began the quest for the Orb.
     0 | D:1      | Reached XP level 1. HP: 22/22 MP: 0/0
   115 | D:1      | Reached XP level 2. HP: 29/29 MP: 1/1
   151 | D:1      | Reached skill level 3 in Maces & Flails
   560 | D:2      | Reached XP level 3. HP: 36/36 MP: 2/2
   572 | D:2      | Noticed Jessica
   588 | D:2      | Killed Jessica
   597 | D:2      | Noticed Terence
   610 | D:2      | HP: 1/36 [Terence/puff of flame (10)]
   611 | D:2      | Slain by Terence

Illustrated notes

Levels and vault maps discovered:
D:1:      minmay_arrival_arboretum_small, layout_basic
D:2:      layout_rooms, basic_ecumenical_altar, minmay_misc_feat_columns,
          uniq_terence, uniq_jessica

Skill      XL: |  1  2 |
---------------+-------+-----
Maces & Flails | 3 |  3.5
Fighting       | |  2.9
Dodging        | |  2.8
Stealth        | |  1.2

Action                   || total
-------------------------++-------
Melee: Mace              ||    75
       Punch             ||     1
Throw: Stone             ||    12
 Stab: Sleeping          ||     2
Armor: Robe              ||    38
Dodge: Dodged            ||    39
